[Event "*** Titled Tuesday Blitz"]
[Site "Chess.com"]
[Date "2020.02.04"]
[Round "3"]
[White "RaunakSadhwani2005"]
[Black "wild_cat99"]
[Result "1-0"]
[WhiteElo "2734"]
[BlackElo "2450"]
[TimeControl "180+2"]
[EndTime "9:35:23 PST"]
[Termination "RaunakSadhwani2005 won by checkmate"]

1. c4 Nf6 2. Nc3 d5 3. cxd5 Nxd5 4. g3 Nxc3 5. bxc3 g6 6. Bg2 Bg7 7. Nf3 O-O 8. h4 c5 9. h5 Bg4 10. hxg6 fxg6 11. Qb3+ e6 12. Nh2 Bf5 13. g4 c4 14.
Qxb7 Bc2 15. Qxa8 Bxc3 16. Rb1 Bxb1 17. dxc3 Bxa2 18. Qxa7 Bb3 19. O-O Rf7 20. Qe3 Nd7 21. Qxe6 Nc5 22. Qd5 Qc8 23. Nf3 Ne6 24. Ne5 Rf8 25. Bh6 Rd8 26. Qf3 Qc7 27. Qf6 Qd6 28. Qf7+ Kh8 29. Qf6+ Kg8 30. Ra1 Bc2 31. Ra7 Qd1+ 32.
Kh2 Rd7 33. Qxe6+ Kh8 34. Qe8# 1-0

[Event "*** Titled Tuesday Blitz"]
[Site "Chess.com"]
[Date "2020.02.04"]
[Round "3"]
[White "Indianlad"]
[Black "Azatic"]
[Result "1-0"]
[WhiteElo "2901"]
[BlackElo "2646"]
[TimeControl "180+2"]
[EndTime "9:35:31 PST"]
[Termination "Indianlad won by resignation"]

1. e4 c5 2. Nc3 e6 3. f4 Nc6 4. Nf3 d6 5. Bb5 Bd7 6. O-O a6 7. Bxc6 Bxc6 8. d4 cxd4 9. Nxd4 Nf6 10. Qd3 Be7 11. Kh1 O-O 12. e5 dxe5 13. fxe5 Nd7 14.
Bf4 Qc7 15. Qg3 Kh8 16. Rad1 Rad8 17. Nce2 Nc5 18. c3 Be4 19. Qe3 Bg6 20. Ng3 Na4 21. Rd2 Bc5 22. h4 Bxd4 23. cxd4 Nb6 24. Rdf2 Nd5 25.
Qa3 Nxf4 26. Rxf4 h6 27. h5 Bh7 28. d5 exd5 29. e6 Rfe8 30. Rxf7 Qxg3 31. Qxg3 1-0

[Event "*** Titled Tuesday Blitz"]
[Site "Chess.com"]
[Date "2020.02.04"]
[Round "3"]
[White "CrgKrishna"]
[Black "Saitama_Hero"]
[Result "1-0"]
[WhiteElo "2478"]
[BlackElo "2270"]
[TimeControl "180+2"]
[EndTime "9:35:46 PST"]
[Termination "CrgKrishna won by resignation"]

1. d4 Nf6 2. Nf3 g6 3. Nc3 Bg7 4. Bf4 O-O 5. e4 d5 6. Bd3 dxe4 7. Nxe4 Nd5 8. Bd2 Nc6 9. c3 Bg4 10. h3 Bxf3 11. Qxf3 e5 12. Bc4 Kh8 13. Nc5 Nb6 14. Nxb7 Qe8 15. Bb5 exd4+ 16. Kf1 Ne5 17. Qe2 c6 18. cxd4 cxb5 19. Nd6 Qe7 20. dxe5 a6 21. Re1 Rad8 22. Bb4 Nd5 23. Bc5 Qc7 24. b4 Nf4 25. Qe4 Ne6 26. Be3 Bxe5 27. Qxe5+ 1-0

[Event "*** Titled Tuesday Blitz"]
[Site "Chess.com"]
[Date "2020.02.04"]
[Round "3"]
[White "Bryakin_Mikhail"]
[Black "StockholmMissile"]
[Result "1-0"]
[WhiteElo "2736"]
[BlackElo "2450"]
[TimeControl "180+2"]
[EndTime "9:35:47 PST"]
[Termination "Bryakin_Mikhail won by resignation"]

1. d4 d5 2. Nf3 Nf6 3. c4 c6 4. e3 a6 5. Nbd2 Bg4 6. b3 Nbd7 7. Bb2 e6 8. h3 Bh5 9. Be2 Be7 10. O-O O-O 11. Ne5 Bxe2 12. Qxe2 Nxe5 13. dxe5 Nd7 14. e4 Qa5 15. exd5 cxd5 16. cxd5 Qxd5 17. Nc4 Rfd8 18.
Rfd1 Qc6 19. Rac1 Nc5 20. Nd6 Bxd6 21. exd6 Rxd6 22. Qg4 Rxd1+ 23. Rxd1 e5 24. Bxe5 Qg6 25. Qf3 h6 26. Bg3 Re8 27. Qd5 Qc2 28. Qd2 Qxd2 29. Rxd2 Re1+ 30. Kh2 Ne4 31. Rd8+ Kh7 32. Rd7 Re2 33.
Rxf7 Rxa2 34. Be5 Rxf2 35. Rxg7+ Kh8 36. Rg4+ Nf6 37. Rg6 1-0

[Event "*** Titled Tuesday Blitz"]
[Site "Chess.com"]
[Date "2020.02.04"]
[Round "3"]
[White "Abund"]
[Black "cottage_cheese"]
[Result "1-0"]
[WhiteElo "2758"]
[BlackElo "2415"]
[TimeControl "180+2"]
[EndTime "9:35:54 PST"]
[Termination "Abund won on time"]

1. Nf3 c5 2. c4 Nc6 3. Nc3 g6 4.
e3 Bg7 5. d4 d6 6. Be2 e6 7.
dxc5 Bxc3+ 8. bxc3 dxc5 9. Qc2 Nge7 10. h4 e5 11. h5 Bf5 12. e4 Bg4 13. hxg6 Nxg6 14.
Bg5 f6 15. Rd1 Qe7 16. Nh4 Bxe2 17. Qxe2 Rg8 18. Nf5 Qe6 19. Rd6 1-0

[Event "*** Titled Tuesday Blitz"]
[Site "Chess.com"]
[Date "2020.02.04"]
[Round "3"]
[White "mitrabhaa"]
[Black "Colombiano07"]
[Result "0-1"]
[WhiteElo "2582"]
[BlackElo "2269"]
[TimeControl "180+2"]
[EndTime "9:35:57 PST"]
[Termination "Colombiano07 won by resignation"]

1. d4 Nf6 2. c4 d6 3. Nc3 Nbd7 4. g3 e5 5. Nf3 Be7 6. Bg2 O-O 7. O-O c6 8. e4 a6 9. a4 a5 10. h3 exd4 11.
Nxd4 Nc5 12. Be3 Re8 13. Qc2 Bf8 14. Rad1 Qb6 15. Rfe1 g6 16. Kh2 Bg7 17. Nde2 Qb4 18. Rxd6 Ncxe4 19. Rdd1 Nxc3 20. Qxc3 Ng4+ 21. hxg4 Bxc3 22.
Nxc3 Bxg4 23. f3 Bxf3 24. Bxf3 Qxb2+ 25. Rd2 Qxc3 26. Rde2 Qxc4 27. Rf1 Rxe3 0-1

[Event "*** Titled Tuesday Blitz"]
[Site "Chess.com"]
[Date "2020.02.04"]
[Round "3"]
[White "VincentKeymer"]
[Black "FairChess_on_YouTube"]
[Result "0-1"]
[WhiteElo "2694"]
[BlackElo "3042"]
[TimeControl "180+2"]
[EndTime "9:36:06 PST"]
[Termination "FairChess_on_YouTube won by resignation"]

1. Nf3 b5 2. e3 a6 3. a4 b4 4. c3 bxc3 5. bxc3 Nf6 6. d4 e6 7.
Bd3 d5 8. O-O Nbd7 9. Ba3 Bxa3 10. Nxa3 c5 11. c4 cxd4 12. Nxd4 Ne5 13. cxd5 Qxd5 14. Be2 O-O 15. f4 Bb7 16. Rf2 Ne4 17. Qe1 Nxf2 18. Qxf2 Ng6 19. Nc4 Rab8 20. a5 Qc5 21. Nb6 Rfd8 22. Qe1 Nxf4 23. Bf1 Rxd4 24. Rc1 Qg5 25. exd4 Rd8 26. Qg3 Ne2+ 27. Bxe2 Qxc1+ 0-1

[Event "*** Titled Tuesday Blitz"]
[Site "Chess.com"]
[Date "2020.02.04"]
[Round "3"]
[White "LastGladiator1"]
[Black "Andrei_Belozerov"]
[Result "1-0"]
[WhiteElo "2825"]
[BlackElo "2570"]
[TimeControl "180+2"]
[EndTime "9:36:07 PST"]
[Termination "LastGladiator1 won by resignation"]

1. d4 d5 2. Nf3 Nf6 3. Bf4 c5 4.
e3 Nc6 5. c3 Qb6 6. Qb3 c4 7. Qc2 Bf5 8. Qc1 e6 9. h3 Be7 10. Be2 O-O 11. O-O Rfc8 12. Bd1 Qd8 13. Bc2 b5 14. a3 a5 15. Nbd2 b4 16. Re1 Bxc2 17. Qxc2 bxc3 18. bxc3 a4 19. Bg5 Na5 20. Bxf6 Bxf6 21. Ra2 Nb3 22. Nf1 Rab8 23. Ng3 Be7 24. e4 Bf8 25. exd5 exd5 26. Ne5 Rb6 27. Qf5 Rf6 28. Qg4 g6 29. h4 Re6 30. h5 Qf6 31.
Rae2 Rce8 32. Nd7 Qg7 33. Rxe6 Rxe6 34. Rxe6 fxe6 35. Qxe6+ Qf7 36. Nf6+ Kg7 37. h6+ 1-0

[Event "*** Titled Tuesday Blitz"]
[Site "Chess.com"]
[Date "2020.02.04"]
[Round "3"]
[White "DevikBronstein"]
[Black "victormago"]
[Result "1/2-1/2"]
[WhiteElo "2720"]
[BlackElo "2421"]
[TimeControl "180+2"]
[EndTime "9:36:16 PST"]
[Termination "Game drawn by repetition"]

1. e4 c5 2. Nf3 d6 3. d4 cxd4 4. Nxd4 Nf6 5. Nc3 a6 6. Bg5 e6 7. Qf3 Be7 8. O-O-O Qc7 9. Bd3 Nbd7 10. Rhe1 h6 11. Bxf6 Nxf6 12. Qg3 O-O 13. f4 Nh5 14. Qf3 Nxf4 15. Bf1 Ng6 16. Kb1 Rb8 17. Nce2 b5 18.
Ng3 Bh4 19. Qg4 Bxg3 20. Qxg3 Ne5 21. Ne2 Bb7 22. Nf4 Rbc8 23. Rd2 Qe7 24. Nh5 g6 25. Nf4 Kh7 26. Qe3 Nc4 27. Bxc4 Rxc4 28. Qd3 d5 29. b3 Rxe4 30. Rxe4 dxe4 31. Qd7 Qf6 32. Nxe6 Qxe6 33. Qxb7 e3 34. Re2 Re8 35. Rxe3 Qxe3 36.
Qxf7+ Kh8 37. Qf6+ Kg8 38. Qxg6+ Kh8 39. Qf6+ Kh7 40.
Qf7+ Kh8 41. Qf6+ Kg8 42. Qg6+ Kh8 43. Qf6+ 1/2-1/2

[Event "*** Titled Tuesday Blitz"]
[Site "Chess.com"]
[Date "2020.02.04"]
[Round "3"]
[White "ChristopherYoo"]
[Black "renehp"]
[Result "1-0"]
[WhiteElo "2610"]
[BlackElo "2368"]
[TimeControl "180+2"]
[EndTime "9:36:20 PST"]
[Termination "ChristopherYoo won by checkmate"]

1. e4 c5 2. Nf3 d6 3. d4 cxd4 4. Nxd4 Nf6 5. Nc3 a6 6. Bg5 Nbd7 7. Qe2 b5 8. O-O-O Bb7 9. f4 h6 10. Bxf6 gxf6 11. g3 e6 12. Bh3 h5 13. Nd5 Be7 14.
Rhe1 Nc5 15. b4 Nxe4 16. Bxe6 fxe6 17. Nxe6 Qc8 18. Qxe4 Kf7 19. Ng5+ fxg5 20. Qxe7+ Kg8 21. Nf6# 1-0

[Event "*** Titled Tuesday Blitz"]
[Site "Chess.com"]
[Date "2020.02.04"]
[Round "3"]
[White "HarryCun"]
[Black "arminmusovic"]
[Result "0-1"]
[WhiteElo "2120"]
[BlackElo "2561"]
[TimeControl "180+2"]
[EndTime "9:36:29 PST"]
[Termination "arminmusovic won by resignation"]

1. Nf3 a6 2. g3 e6 3. Bg2 d5 4. O-O Nf6 5. d3 c5 6. c4 Nc6 7. d4 Be7 8. Nc3 h6 9. cxd5 exd5 10. dxc5 Bxc5 11. e3 O-O 12. Ne2 Re8 13. Ned4 Bg4 14. Ne2 Ne4 15. h3 Bf5 16. Nfd4 Bh7 17. a3 Qf6 18. b4 Nxd4 19. Nxd4 Bxd4 20. Qxd4 Qxd4 21. exd4 Nc3 22. Bd2 Ne2+ 23. Kh2 Nxd4 24. Bxd5 Be4 25. Be3 Nf3+ 26. Kg2 Bxd5 27. Rfd1 Bc6 28. Rd6 Nh4+ 29. Kf1 Bg2+ 30. Kg1 Nf5 31. Rd7 Nxe3 32. fxe3 Bxh3 33. Rxb7 Rxe3 34. Rc1 Rxg3+ 35. Kh2 Rxa3 36. Rcc7 Be6 37.
Kg2 Rd8 38. Kf2 Rd2+ 39. Ke1 Rh2 40. Rc1 Rh1+ 41. Kd2 Ra2+ 0-1

[Event "*** Titled Tuesday Blitz"]
[Site "Chess.com"]
[Date "2020.02.04"]
[Round "3"]
[White "TheBigBoss04"]
[Black "KhazarBabazada"]
[Result "0-1"]
[WhiteElo "2701"]
[BlackElo "2944"]
[TimeControl "180+2"]
[EndTime "9:36:35 PST"]
[Termination "KhazarBabazada won by resignation"]

1. c4 e5 2. Nc3 Nc6 3. Nf3 Nf6 4. e3 Bb4 5. Qc2 O-O 6. a3 Bxc3 7. Qxc3 Re8 8. d4 exd4 9. Nxd4 Ne4 10. Nxc6 dxc6 11.
Qc2 Bf5 12. Bd3 Qe7 13. O-O Bg6 14. f3 Nc5 15. Bxg6 hxg6 16. b4 Ne6 17. Bb2 Rad8 18. Rad1 Qg5 19. Kf2 a5 20. Rxd8 Rxd8 21. h3 axb4 22.
axb4 b5 23. Rc1 bxc4 24. f4 Qb5 25. Bc3 Rd3 26. Be1 Qb6 27. Qxc4 Qxe3+ 28. Kf1 Nxf4 29.
Qxc6 Rd5 30. Bf2 Qe4 31. Qa8+ Kh7 0-1

[Event "*** Titled Tuesday Blitz"]
[Site "Chess.com"]
[Date "2020.02.04"]
[Round "3"]
[White "1995Tiger"]
[Black "MFBerna"]
[Result "1-0"]
[WhiteElo "2100"]
[BlackElo "2333"]
[TimeControl "180+2"]
[EndTime "9:36:40 PST"]
[Termination "1995Tiger won by resignation"]

1. c4 c6 2. Nc3 d5 3. d4 Nf6 4. Nf3 dxc4 5. a4 e6 6. Ne5 c5 7.
e3 Nc6 8. Nxc6 bxc6 9. Bxc4 cxd4 10. exd4 Bd6 11. O-O O-O 12. Bd3 Rb8 13. Qc2 Qa5 14.
h3 e5 15. dxe5 Qxe5 16. f4 Qd4+ 17. Kh1 Nh5 18. Ne4 Bf5 19. Rf3 Rfe8 20. Be3 Qd5 21. Nf6+ gxf6 22. Bxf5 Kh8 23. Rd1 Rxb2 24. Rxd5 Rxc2 25.
Rxd6 Rc3 26. Bd4 Rxf3 27. gxf3 Ng3+ 28. Kg2 Nxf5 29. Bxf6+ Kg8 30. Rxc6 Re2+ 31. Kf1 Re8 32. Rc7 h5 33. Rxa7 Rc8 34. a5 Rc1+ 35. Ke2 Rc2+ 36. Kd3 Ra2 37. a6 Nd6 38. Ra8+ Kh7 39. a7 Ra3+ 40.
Kc2 Kg6 41. Be7 Nf5 42. Bxa3 1-0

[Event "*** Titled Tuesday Blitz"]
[Site "Chess.com"]
[Date "2020.02.04"]
[Round "3"]
[White "kesarev"]
[Black "Funkmaus"]
[Result "0-1"]
[WhiteElo "2451"]
[BlackElo "2175"]
[TimeControl "180+2"]
[EndTime "9:36:47 PST"]
[Termination "Funkmaus won by resignation"]

1. Nf3 c6 2. c4 d5 3. b3 Nf6 4. Bb2 Bf5 5. e3 e6 6. Be2 Nbd7 7. Nh4 Bg6 8. Nxg6 hxg6 9. d3 Bd6 10. g3 Qe7 11. Nd2 O-O-O 12. Qc2 e5 13. cxd5 Nxd5 14.
a3 Kb8 15. b4 f5 16. Nc4 Bc7 17. O-O-O N7b6 18. Na5 Rd7 19. h4 Rhd8 20. Rd2 Nf6 21. Rhd1 Nbd5 22. Kb1 Bxa5 23. bxa5 Nc7 24. Qc3 Rd5 25.
Ka1 Nb5 26. Qb4 Qc7 27. Bf3 e4 28. dxe4 Rxd2 29. Rxd2 Rxd2 30. Qxd2 Nxe4 31. Bxe4 fxe4 32. Bxg7 Qxg7+ 0-1

[Event "*** Titled Tuesday Blitz"]
[Site "Chess.com"]
[Date "2020.02.04"]
[Round "3"]
[White "Atakishiyev04"]
[Black "korbul"]
[Result "1-0"]
[WhiteElo "2797"]
[BlackElo "2569"]
[TimeControl "180+2"]
[EndTime "9:36:49 PST"]
[Termination "Atakishiyev04 won by checkmate"]

1. d4 Nf6 2. c4 e6 3. Nf3 b6 4. a3 c5 5. e3 cxd4 6. exd4 d6 7.
Nc3 Bb7 8. Bd3 a6 9. O-O Be7 10.
b3 O-O 11. Bb2 Nbd7 12. Qe2 Re8 13. Rac1 Bf8 14. Rfd1 Qc7 15. Ne4 Nxe4 16. Bxe4 Bxe4 17. Qxe4 Nf6 18. Qd3 Qb7 19. d5 e5 20. Qe3 g6 21. Ng5 Bg7 22. Ne4 Nxe4 23. Qxe4 f5 24. Qe3 e4 25. Bxg7 Kxg7 26. b4 Rac8 27. Qd4+ Kf7 28.
h4 Qc7 29. h5 gxh5 30. Rc3 Rg8 31. Rh3 Rg5 32. Qe3 Rcg8 33. g3 R8g6 34. c5 bxc5 35. Rc1 c4 36. Qd4 Qd7 37. Rxc4 f4 38. Qb6 Qxh3 39. Rc7+ Kf6 40. Qxd6+ Kf5 41. Qxf4# 1-0

[Event "*** Titled Tuesday Blitz"]
[Site "Chess.com"]
[Date "2020.02.04"]
[Round "3"]
[White "Lubov_Gordyk"]
[Black "Rap_woyska"]
[Result "1-0"]
[WhiteElo "2626"]
[BlackElo "2401"]
[TimeControl "180+2"]
[EndTime "9:36:50 PST"]
[Termination "Lubov_Gordyk won by resignation"]

1. e4 c5 2. g3 Nc6 3. Bg2 e6 4. d3 d5 5. Ne2 Nf6 6. f4 dxe4 7. dxe4 Qxd1+ 8. Kxd1 h5 9. h3 Be7 10. Be3 Bd7 11.
c3 O-O-O 12. Kc2 Kc7 13. Nd2 Bc8 14. Bf3 b6 15. g4 hxg4 16. hxg4 Ba6 17. Rag1 Bd3+ 18.
Kc1 c4 19. g5 Nd7 20. Nd4 a6 21. g6 Nxd4 22. cxd4 f6 23. Kd1 b5 24. Be2 Bxe2+ 25.
Kxe2 Rdg8 26. Rh7 Nf8 27. Rxh8 Rxh8 28. Rg2 Rh3 29. Nf3 Kd7 30. d5 exd5 31. exd5 Kd6 32. Nd4 Kxd5 33. Nf5 Bc5 34. Bxc5 Kxc5 35. Nxg7 Kd4 36.
Nf5+ Ke4 37. g7 Ne6 38. Nd6+ Kxf4 39. g8=Q Nd4+ 40. Kf2 Rf3+ 41. Kg1 Rh3 42. Qg4+ 1-0

[Event "*** Titled Tuesday Blitz"]
[Site "Chess.com"]
[Date "2020.02.04"]
[Round "3"]
[White "Parhamov"]
[Black "Hydrargyrum_Girl"]
[Result "1-0"]
[WhiteElo "2997"]
[BlackElo "2173"]
[TimeControl "180+2"]
[EndTime "9:36:54 PST"]
[Termination "Parhamov won by checkmate"]

1. e3 e5 2. Be2 d5 3. d4 exd4 4.
Qxd4 Nc6 5. Bb5 Nf6 6. Nf3 Be7 7.
b3 O-O 8. Bxc6 bxc6 9. Bb2 Ba6 10. Nbd2 c5 11. Qf4 Re8 12. O-O-O c4 13. e4 cxb3 14. axb3 c6 15. g4 Qa5 16. g5 Nxe4 17. Nxe4 dxe4 18.
Ne5 f6 19. gxf6 Bxf6 20. Nxc6 Bxb2+ 21. Kxb2 Qc5 22. Rd7 Rf8 23. Qg4 g6 24. Qe6+ Kh8 25. Ne5 Rae8 26. Nxg6+ hxg6 27. Qxg6 Qe5+ 28. Kb1 Re6 29.
Qh7# 1-0

[Event "*** Titled Tuesday Blitz"]
[Site "Chess.com"]
[Date "2020.02.04"]
[Round "3"]
[White "Ariadna_Atreides"]
[Black "Ceejay271"]
[Result "1-0"]
[WhiteElo "2066"]
[BlackElo "2282"]
[TimeControl "180+2"]
[EndTime "9:36:55 PST"]
[Termination "Ariadna_Atreides won by resignation"]

1. d4 Nf6 2. Nf3 g6 3. c4 Bg7 4.
Nc3 O-O 5. e4 d6 6. Be2 Na6 7.
O-O e5 8. d5 Nc5 9. Bg5 a5 10.
Nd2 h6 11. Be3 b6 12. a3 a4 13. Bxc5 bxc5 14. Nxa4 Nh7 15. Nc3 f5 16. f3 h5 17. b4 cxb4 18. axb4 Rxa1 19. Qxa1 Bh6 20. Nb3 Be3+ 21. Kh1 Qh4 22. Qe1 Qg5 23. Qg3 Qh6 24. exf5 Bf4 25. Qxg6+ Qxg6 26. fxg6 Nf6 27. Bd3 Kg7 28.
Nb5 Ne8 29. c5 Bd7 30. c6 Bf5 31. Bxf5 Rxf5 32. Nc3 Be3 33. Ne4 Nf6 34. Nxf6 Rxf6 35. g3 Kxg6 36. Kg2 Bb6 37. Ra1 e4 38. fxe4 Rf2+ 39.
Kh3 Rb2 40. Na5 Rxb4 41. Nb7 Rxe4 42. Nd8 Rd4 43. Ne6 Rxd5 44. Nf4+ Kf5 45. Nxd5 Bd4 46. Rb1 Ke5 47. Nxc7 d5 48. Ne8 Ke6 49. c7 Kd7 50.
Rb8 1-0

[Event "*** Titled Tuesday Blitz"]
[Site "Chess.com"]
[Date "2020.02.04"]
[Round "3"]
[White "Bigfish1995"]
[Black "doons21"]
[Result "1-0"]
[WhiteElo "3053"]
[BlackElo "2660"]
[TimeControl "180+2"]
[EndTime "9:37:01 PST"]
[Termination "Bigfish1995 won by resignation"]

1. d4 Nf6 2. Bg5 Ne4 3. Bf4 c5 4. f3 Qa5+ 5. c3 Nf6 6. d5 d6 7.
e4 g6 8. Na3 Bg7 9. Nc4 Qd8 10.
a4 O-O 11. Bd3 Nh5 12. Be3 e6 13. Be2 e5 14. Qd2 f5 15. Bg5 Bf6 16. Bh6 Bg7 17.
g3 b6 18. exf5 gxf5 19. Bxg7 Nxg7 20. f4 e4 21. Nh3 Ba6 22. Ng5 Qe7 23. a5 h6 24. Ne6 Nxe6 25. dxe6 Qxe6 26. axb6 d5 27. Ne3 Bxe2 28. b7 Nc6 29. bxa8=Q Rxa8 30. Qxe2 d4 31. Qc4 1-0

[Event "*** Titled Tuesday Blitz"]
[Site "Chess.com"]
[Date "2020.02.04"]
[Round "3"]
[White "MasterKroket"]
[Black "NewBornNow"]
[Result "0-1"]
[WhiteElo "2407"]
[BlackElo "2667"]
[TimeControl "180+2"]
[EndTime "9:37:08 PST"]
[Termination "NewBornNow won by checkmate"]

1. d4 d6 2. Nf3 Nf6 3. c4 g6 4. Nc3 Bf5 5. Qb3 b6 6. g3 Nc6 7. Bg2 Bg7 8. e3 O-O 9. O-O Na5 10. Qd1 Nxc4 11. Nd2 Nxd2 12. Bxa8 Nxf1 13. Bg2 Nxh2 14. Kxh2 c5 15. a4 e5 16. dxe5 Ng4+ 17. Kg1 Nxe5 18.
a5 bxa5 19. Nd5 Bg4 20. f3 Be6 21. f4 Nc4 22. Qd3 Nb6 23. Nc3 d5 24. Rxa5 c4 25. Qd1 d4 26. exd4 Bxd4+ 27. Kh2 Nc8 28. Nd5 Bg7 29. Rc5 Nb6 30. b3 c3 31. Qd3 Nxd5 32.
Bxd5 Bxd5 33. Rxd5 Qb6 34. Ba3 Re8 35. Bc5 Qxb3 36.
Rd8 Qe6 37. Rxe8+ Qxe8 38. Bxa7 Qc8 39. Qc2 Qb7 40. Qa4 h5 41. Be3 Qb2+ 42. Kh3 Qb1 43. Qe8+ Kh7 44. Qxf7 Qh1# 0-1

[Event "*** Titled Tuesday Blitz"]
[Site "Chess.com"]
[Date "2020.02.04"]
[Round "3"]
[White "Grieve72"]
[Black "zurzan"]
[Result "1-0"]
[WhiteElo "2301"]
[BlackElo "1999"]
[TimeControl "180+2"]
[EndTime "9:37:09 PST"]
[Termination "Grieve72 won by checkmate"]

1. e4 d6 2. d4 Nf6 3. Nc3 Nbd7 4. g4 h6 5. h3 e5 6. Nge2 Be7 7. Bg2 c6 8. a4 a5 9. Be3 Qc7 10. O-O Nf8 11. f4 exf4 12. Nxf4 Ne6 13. Qd2 g5 14.
Nfe2 Bd7 15. Ng3 Ng7 16. Rf3 O-O-O 17. Raf1 Nge8 18. Qf2 h5 19. e5 Nd5 20. Nxd5 cxd5 21. Nxh5 dxe5 22. dxe5 Be6 23. Bb6 Qd7 24. Bxa5 Nc7 25.
Qa7 Qc6 26. Rc3 Qa6 27. Rxc7# 1-0

[Event "*** Titled Tuesday Blitz"]
[Site "Chess.com"]
[Date "2020.02.04"]
[Round "3"]
[White "Mikhail_Golubev"]
[Black "bhavesh1810"]
[Result "0-1"]
[WhiteElo "2543"]
[BlackElo "2109"]
[TimeControl "180+2"]
[EndTime "9:37:10 PST"]
[Termination "bhavesh1810 won by resignation"]

1. e4 e5 2. Nf3 Nc6 3. Bc4 Bc5 4. c3 Nf6 5. d4 exd4 6. e5 d5 7. Bb5 Ne4 8. cxd4 Bb4+ 9. Nbd2 Bd7 10. Bd3 Bg4 11. Bb5 O-O 12. Bxc6 bxc6 13. O-O Bxd2 14. Bxd2 Rb8 15. Be3 Rxb2 16. Qc1 Rb6 17. h3 Be6 18.
Ng5 Qd7 19. Nxe6 fxe6 20. Kh2 Rb4 21. f3 Rc4 22. Qa3 Rc3 23. Qxf8+ Kxf8 24. fxe4+ Kg8 25. Rab1 h6 26. Bd2 Rd3 27. Bb4 dxe4 28. Bc5 Rxd4 29. h4 Rd5 30. Rf8+ Kh7 31. h5 Rxe5 32. Rbb8 Rxh5+ 33. Kg3 Rxc5 0-1

[Event "*** Titled Tuesday Blitz"]
[Site "Chess.com"]
[Date "2020.02.04"]
[Round "3"]
[White "cancrushyou"]
[Black "artooon"]
[Result "0-1"]
[WhiteElo "2498"]
[BlackElo "2811"]
[TimeControl "180+2"]
[EndTime "9:37:18 PST"]
[Termination "artooon won by resignation"]

1. d4 Nf6 2. c4 e6 3. g3 d5 4. Nf3 Be7 5. Bg2 O-O 6. O-O dxc4 7. Qa4 c6 8. Qxc4 b5 9. Qd3 Bb7 10. Be3 Nbd7 11. Nbd2 a6 12. a4 Nd5 13. Nb3 Qb6 14. a5 Qc7 15. Rfc1 Rfd8 16. Bg5 N7f6 17. Nc5 h6 18. Bd2 Nd7 19. Nxd7 Qxd7 20. Ne5 Qc7 21.
Qf3 Bf6 22. Ng4 Bxd4 23. e4 Nf6 24. Nxf6+ Bxf6 25. Bxh6 Bxb2 26. Qg4 Qe5 27. Bf4 Qd4 28. Be3 Qf6 29. Bg5 Qg6 30. Qf4 e5 31. Qe3 Bd4 32. Qd2 f6 33. Bh4 0-1

[Event "*** Titled Tuesday Blitz"]
[Site "Chess.com"]
[Date "2020.02.04"]
[Round "3"]
[White "GM-2023"]
[Black "marabu44"]
[Result "1-0"]
[WhiteElo "2095"]
[BlackElo "2312"]
[TimeControl "180+2"]
[EndTime "9:37:25 PST"]
[Termination "GM-2023 won by checkmate"]

1. e4 e5 2. Nf3 Nc6 3. d4 exd4 4. Nxd4 Qh4 5. Nc3 Bb4 6. Nb5 Qxe4+ 7. Be2 Kd8 8. O-O Qg6 9. Bf4 d6 10. Nd5 Ba5 11. c4 a6 12. b4 axb5 13. bxa5 Nge7 14. cxb5 Nxd5 15. Qxd5 Be6 16. Qd2 Nxa5 17. b6 Nc4 18. bxc7+ Kd7 19. Qb4 Qe4 20. Bxc4 Qxc4 21. Qxd6+ Kc8 22.
Rfd1 b5 23. Rac1 Qe4 24. Qd8+ Kb7 25. c8=Q+ Rxc8 26. Rc7+ Ka6 27. Qd6+ Ka5 28. Bd2+ b4 29. Qc5+ Ka6 30. Ra7# 1-0

[Event "*** Titled Tuesday Blitz"]
[Site "Chess.com"]
[Date "2020.02.04"]
[Round "3"]
[White "sergoy"]
[Black "Aygehovit1992"]
[Result "0-1"]
[WhiteElo "2862"]
[BlackElo "2650"]
[TimeControl "180+2"]
[EndTime "9:37:26 PST"]
[Termination "Aygehovit1992 won by resignation"]

1. e4 c5 2. Nf3 d6 3. Bb5+ Bd7 4.
Bxd7+ Qxd7 5. c4 Nf6 6. Nc3 e5 7. d3 Be7 8. Bg5 Nc6 9. Bxf6 Bxf6 10. O-O O-O 11. a3 g6 12. Rb1 a5 13. Nd5 Bd8 14. b4 cxb4 15. axb4 axb4 16. Nxb4 Nxb4 17. Rxb4 Ba5 18.
Rb5 b6 19. Qb3 Kg7 20. Rd5 Qe6 21. Rb1 f5 22. Qb2 fxe4 23. dxe4 Qg4 24. Qe2 Rf6 25. h3 Qc8 26. Qd3 Qc6 27. Rd1 Bb4 28. Qf1 Bc5 29.
Ra1 Ra4 30. Qd1 Rxc4 31. Ra7+ Rf7 32. Rxf7+ Kxf7 33. Rxe5 Rc1 34. Ng5+ Kg7 35. Re7+ Kf8 36. Rf7+ Kg8 0-1

[Event "*** Titled Tuesday Blitz"]
[Site "Chess.com"]
[Date "2020.02.04"]
[Round "3"]
[White "Anton_Demchenko"]
[Black "Sergey85Rodchenkov"]
[Result "1-0"]
[WhiteElo "2952"]
[BlackElo "2544"]
[TimeControl "180+2"]
[EndTime "9:37:26 PST"]
[Termination "Anton_Demchenko won on time"]

1. e4 c5 2. Nf3 e6 3. g3 d5 4.
exd5 exd5 5. d4 Nc6 6. Bg2 Bg4 7. O-O Nxd4 8. Qe1+ Be7 9. Nxd4 cxd4 10. Bg5 h6 11.
Bxe7 Nxe7 12. Qe5 O-O 13. Qxd4 Bf5 14. Na3 a6 15. Rad1 Qc7 16. c3 Rad8 17. Rfe1 Rfe8 18. Qe5 Qc8 19. Qf4 Bh3 20. Bh1 Ng6 21. Qd4 Qf5 22.
Re3 Rxe3 23. Qxe3 Ne5 24. f3 Rd7 25. Bg2 Re7 26. Rxd5 Bxg2 27. Kxg2 Ng4 28. Rd8+ Kh7 29.
Qxe7 1-0

[Event "*** Titled Tuesday Blitz"]
[Site "Chess.com"]
[Date "2020.02.04"]
[Round "3"]
[White "dretch"]
[Black "GelmanAlexander"]
[Result "1/2-1/2"]
[WhiteElo "2711"]
[BlackElo "2461"]
[TimeControl "180+2"]
[EndTime "9:37:33 PST"]
[Termination "Game drawn by repetition"]

1. d4 Nf6 2. c4 c5 3. d5 b5 4. Nf3 b4 5. a3 g6 6. axb4 cxb4 7. e4 Nxe4 8. Qd4 Nf6 9. Rxa7 Rxa7 10. Qxa7 Na6 11.
Be3 d6 12. c5 Nxc5 13. Bxc5 dxc5 14. Ne5 Bg7 15. Bb5+ Nd7 16. Nc6 Qb6 17. Qa4 Bf6 18. Na7 O-O 19. Nxc8 Rxc8 20. Bxd7 Rd8 21. O-O Bxb2 22.
Nd2 Bd4 23. Nc4 Qf6 24. Qc6 Qf4 25. g3 Bxf2+ 26. Rxf2 Qxc4 27. Be6 fxe6 28. Qxe6+ Kh8 29. Qxe7 Qxd5 30. Rf7 Qd1+ 31. Kg2 Qd5+ 32. Kf2 Qd4+ 33. Kg2 Qd5+ 34. Kf2 Qd4+ 35. Kg2 Qd5+ 1/2-1/2

[Event "*** Titled Tuesday Blitz"]
[Site "Chess.com"]
[Date "2020.02.04"]
[Round "3"]
[White "SabinaFoisor"]
[Black "EmmaChess"]
[Result "0-1"]
[WhiteElo "2224"]
[BlackElo "2456"]
[TimeControl "180+2"]
[EndTime "9:37:33 PST"]
[Termination "EmmaChess won by resignation"]

1. d4 d6 2. Nf3 g6 3. e4 Bg7 4. Be2 Nf6 5. Nc3 O-O 6. O-O a6 7. a4 Nc6 8. d5 Nb4 9. h3 c6 10.
dxc6 bxc6 11. e5 dxe5 12. Nxe5 Bf5 13. Nd3 Nxd3 14. Bxd3 Bxd3 15. Qxd3 Qxd3 16. cxd3 Rfd8 17. Re1 e6 18. Rd1 Nd5 19. Bd2 Nb4 20. Rab1 Rxd3 21. Bg5 h6 22. Be7 Rxd1+ 23. Rxd1 Nd5 24. Nxd5 cxd5 25.
b4 Rb8 26. Rc1 Bf8 27. Bc5 d4 28. Bxf8 Kxf8 29. Rc4 e5 30. Kf1 Ke7 31. Ke2 Ke6 32. Kd3 Rb6 33. a5 Rd6 34. f3 f5 35.
g4 h5 36. Rc8 e4+ 37. fxe4 fxg4 38. hxg4 hxg4 39. Rc1 Kf6 40. Rg1 Kg5 41. e5 Rd8 42. e6 Kf4 43. e7 Re8 44. Re1 g3 45. Kxd4 g2 46. Kd5 Rxe7 47. Rxe7 g1=Q 48. Re6 Qg5+ 49.
Kd6 Qb5 50. Rxg6 Qxb4+ 51. Kd7 Qb5+ 52. Rc6 Qxa5 53. Kd6 Qb4+ 54. Kc7 a5 55. Rb6 Qxb6+ 56. Kxb6 a4 0-1